 Dungeon Crawl Stone Soup version 0.28.0-45-g0d030f2227 (webtiles) character file.

Game seed: 6418484477322208552

200 Peloso the Covered (level 5, -2/47 HPs)
             Began as a Minotaur Fighter on Apr 16, 2022.
             Succumbed to a scorpion's poison
             ... on level 3 of the Dungeon.
             The game lasted 00:02:23 (1796 turns).

Peloso the Covered (Minotaur Fighter)               Turns: 1796, Time: 00:02:24

Health: -2/47      AC:  7    Str: 21    XL:     5   Next: 48%
Magic:  4/4        EV:  9    Int:  5    God:
Gold:   119        SH:  4    Dex: 11    Spells: 4/4 levels left

rFire   . . .      SeeInvis .   a - +0 long sword
rCold   . . .      Faith    .   c - +0 buckler
rNeg    . . .      Spirit   .   b - +0 scale mail
rPois   .          Reflect  .   (helmet restricted)
rElec   .          Harm     .   (no cloak)
rCorr   .          Rampage  .   (no gloves)
Will    .....                   (no boots)
Stlth   ..........              (no amulet)
HPRegen 0.15/turn               (no ring)
MPRegen 0.09/turn               (no ring)

@: lethally poisoned (-2 -> -20)
A: horns 2, retaliatory headbutt
a: no special abilities


You were on level 3 of the Dungeon.
You visited 1 branch of the dungeon, and saw 3 of its levels.

You collected 119 gold pieces.

Inventory:

Hand Weapons
 a - a +0 long sword (weapon)
Armour
 b - a +0 scale mail (worn)
 c - a +0 buckler (worn)
Jewellery
 j - a ring of protection from cold
Scrolls
 e - a scroll of teleportation
 h - a scroll of enchant weapon
 i - a scroll of amnesia {unknown}
Potions
 d - 2 potions of might
 f - a potion of mutation
 g - a potion of heal wounds


   Skills:
 + Level 4.6 Fighting
 + Level 4.5 Long Blades
 + Level 4.8 Armour
 + Level 1.3 Dodging
 + Level 0.3 Stealth
 + Level 4.3 Shields


You had 4 spell levels left.
You didn't know any spells.
Your spell library was empty.

Dungeon Overview and Level Annotations

Branches:
Dungeon (3/15)

Altars:

Shops:
D:2 :


Innate Abilities, Weirdness & Mutations

You have a pair of horns on your head.
You reflexively headbutt those who attack you in melee.


Message History

Key pressed, stopping explore.
Found an escape hatch in the ceiling.
A scorpion comes into view.
Found 9 gold pieces.
The scorpion stings you but does no damage.
You closely miss the scorpion. You headbutt the scorpion!
The scorpion is heavily wounded.
The scorpion stings you.
You hit the scorpion. Your headbutt misses the scorpion.
The scorpion is heavily wounded.
The scorpion stings you. x2
You hit the scorpion.
The scorpion is severely wounded.
The scorpion barely misses you.
You hit the scorpion. Your headbutt misses the scorpion.
The scorpion is severely wounded.
The scorpion stings you.
You are poisoned.
The scorpion poisons you! The scorpion stings you.
You are more poisoned.
The scorpion poisons you!
You completely miss the scorpion. Your headbutt misses the scorpion.
The scorpion is severely wounded.
You feel very sick. The scorpion closely misses you.
You hit the scorpion but do no damage. Your headbutt misses the scorpion.
The scorpion is severely wounded.
You feel very sick. The scorpion stings you.
* * * LOW HITPOINT WARNING * * *
The scorpion stings you.
* * * LOW HITPOINT WARNING * * *
You are more poisoned.
The scorpion poisons you!
You slash the scorpion!
You kill the scorpion!
* * * LOW HITPOINT WARNING * * *
You feel extremely sick.
Unknown command.
You die...

#..........#
#..........#
..........#
####........#
..........<.##
#$.........#
#..........#
#...@......#
#..........#
#..........# ..#
###........##
..#
##..>......##
#..##
#..#########
###...# #.##
.....###.#######
#..............


There were no monsters in sight!

Vanquished Creatures
  2 scorpions (D:3)
  A hound (D:2)
  A hound skeleton (D:2)
  A worm (D:2)
  3 dart slugs
  3 endoplasms
  5 hobgoblins
  4 kobolds
  A ball python (D:2)
  8 bats
  3 frilled lizards
  6 goblins (D:2)
38 creatures vanquished.

Notes
Turn   | Place    | Note
-------+----------+-------------------------------------------
     0 | D:1      | Peloso the Minotaur Fighter began the quest for the Orb.
     0 | D:1      | Reached XP level 1. HP: 19/19 MP: 0/0
   295 | D:1      | Reached XP level 2. HP: 27/27 MP: 1/1
   780 | D:2      | Reached XP level 3. HP: 33/33 MP: 2/2
   784 | D:2      | Found Akuezoh's Book Shoppe.
   888 | D:2      | Found a faded altar of an unknown god.
   960 | D:2      | Reached XP level 4. HP: 27/40 MP: 3/3
  1537 | D:3      | Noticed a scorpion
  1548 | D:3      | Killed a scorpion
  1549 | D:3      | Reached skill level 1 in Dodging
  1549 | D:3      | Reached XP level 5. HP: 18/47 MP: 4/4
  1795 | D:3      | HP: 2/47 [poisoned by a scorpion]
  1796 | D:3      | Succumbed to a scorpion's poison

Illustrated notes

Levels and vault maps discovered:
D:1:      amcnicky_arrival_double_pillar, layout_basic
D:2:      kennysheep_big_flooded_room, layout_basic, serial_shops,
          nicolae_shop_trees, dilly_ecumenical_altar_fadedgnrine
D:3:      layout_rooms, minivault_5, uniq_sigmund, uniq_crazy_yiuf_cottage,
          uniq_ijyb

Skill      XL: |  1  2  3  4 |
---------------+-------------+-----
Fighting       | 4 |  4.6
Armour         | 4 |  4.8
Shields        | 4 |  4.3
Long Blades    | 3 4 |  4.5
Dodging        | 1 |  1.3
Stealth        | |  0.3

Action                   |  1- 3 |  4- 6 || total
-------------------------+-------+-------++-------
Melee: Long sword        |    56 |    49 ||   105
       Headbutt          |    10 |     7 ||    17
  Use: Scroll            |     4 |     1 ||     5
       Potion            |     2 |       ||     2
Armor: Scale mail        |    25 |    31 ||    56
Dodge: Dodged            |    32 |    29 ||    61
Block: Buckler           |    17 |    15 ||    32
